 Dungeon Crawl Stone Soup version 0.23.2-1-ga50397a (webtiles) character file.

Game seed: 13526238372314344217

239 Fang the Skirmisher (level 6, -2/58 HPs)
             Began as a Gargoyle Berserker on May 8, 2019.
             Was a Priest of Trog.
             Slain by a troll (9 damage)
             ... on level 5 of the Dungeon.
             The game lasted 00:02:49 (3472 turns).

Fang the Skirmisher (Gargoyle Berserker)            Turns: 3472, Time: 00:02:50

Health: -2/58      AC: 13    Str: 28    XL:     6   Next: 7%
Magic:  6/6        EV:  9    Int:  7    God:    Trog [***...]
Gold:   199        SH:  0    Dex:  9    Spells: 5/5 levels left

rFire    . . .     SeeInvis .   d - -1 hand axe (curse)
rCold    . . .     Gourm    .   (no shield)
rNeg     + . .     Faith    .   b - +0 chain mail
rPois    ∞         Spirit   .   (no helmet)
rElec    +         Reflect  .   (no cloak)
rCorr    .         Harm     .   (no gloves)
MR       .....                  (no boots)
Stlth    ..........             (no amulet)
HPRegen  0.19/turn              (no ring)
MPRegen  0.10/turn              (no ring)

@: berserking, drained, very quick
A: negative energy resistance 1, electricity resistance, unbreathing,
petrification resistance, rot immunity, AC +4
a: Berserk, Trog's Hand, Renounce Religion


You were on level 5 of the Dungeon.
You worshipped Trog.
Trog was most pleased with you.
You were hungry.

You visited 2 branches of the dungeon, and saw 6 of its levels.

You collected 199 gold pieces.

Inventory:

Hand Weapons
 a - a +0 hand axe
 d - a cursed -1 hand axe (weapon)
Armour
 b - a +0 chain mail (worn)
Wands
 n - a wand of flame (27)
Scrolls
 j - a scroll of enchant armour {unknown}
 k - 4 scrolls of identify {unknown}
 l - 2 scrolls of teleportation {unknown}
 m - a scroll of immolation {unknown}
 o - a scroll of enchant weapon {unknown}
 p - a scroll of remove curse {unknown}
Potions
 e - a potion of heal wounds {unknown}
 f - 2 potions of haste {unknown}
 g - 2 potions of flight {unknown}
 h - 2 potions of brilliance {unknown}
 i - a potion of degeneration {unknown}
 q - a potion of resistance {unknown}
 r - 2 potions of curing {unknown}
Comestibles
 c - 9 rations


   Skills:
 + Level 4.5(3.7) Fighting
 + Level 3.8(3.0) Axes
 + Level 3.9(3.1) Armour
 + Level 2.8(2.0) Dodging


You had 5 spell levels left.
You didn't know any spells.
Your spell library was empty.

Dungeon Overview and Level Annotations

Branches:
Dungeon (5/15)             Temple (1/1) D:4

Altars:
Hepliaklqana
Kikubaaqudgha
Ru
Trog


Innate Abilities, Weirdness & Mutations

You are resistant to torment.
Your stone body is resilient. (AC +4)
You are immune to poison.
You resist negative energy. (rN+)
You are resistant to electric shocks. (rElec)
You can survive without breathing.
You are immune to petrification.
You are immune to rotting.


Message History

Your chain mail prevents you from hitting the troll.
The troll is moderately wounded.
You hit the troll.
The troll is heavily wounded.
The troll bites you.
* * * LOW HITPOINT WARNING * * *
The troll claws you.
* * * LOW HITPOINT WARNING * * *
The troll claws you!
* * * LOW HITPOINT WARNING * * *
You slash the troll!
The troll is severely wounded.
The troll bites you but does no damage.
The troll claws you but does no damage. x2
You slash the troll!
The troll is almost dead.
The troll barely misses you.
The troll claws you but does no damage. x2
You hit the troll.
The troll is almost dead.
The troll barely misses you. The troll claws you!
You die...

########...
##.....#...##.
##.....)......<.
#...............
#.....(.........
#...............
#......T.......
.......@....#
.(........#.#
..........#
..........#
#.........#
#..........
#..........#
............
###.......###


You could see a troll.

Vanquished Creatures
  A hound (D:4)
  A bullfrog skeleton (D:4)
  An iguana (D:4)
  A worker ant (D:4)
  Robin (D:2)
  3 adders
  2 oozes
  2 worms (D:3)
  A leopard gecko (D:1)
  6 bats
  2 bat zombies (D:3)
  5 giant cockroaches
  13 goblins
  9 hobgoblins
  9 jackals
  3 quokkas
  A ball python (D:2)
  3 frilled lizards
  4 kobolds (D:2)
  2 quokka skeletons
  5 rats
  3 rat zombies (D:3)
78 creatures vanquished.

Notes
Turn   | Place    | Note
-------+----------+-------------------------------------------
     0 | D:1      | Fang the Gargoyle Berserker began the quest for the Orb.
     0 | D:1      | Reached XP level 1. HP: 14/14 MP: 1/1
    76 | D:1      | Reached XP level 2. HP: 17/19 MP: 2/2
   584 | D:2      | Found a bloodstained altar of Trog.
   622 | D:2      | Noticed Robin
   629 | D:2      | Reached ** piety under Trog
   630 | D:2      | Reached XP level 3. HP: 15/23 MP: 3/3
   642 | D:2      | Killed Robin
  1014 | D:2      | Found a hazy altar of Hepliaklqana.
  1155 | D:2      | Reached XP level 4. HP: 5/29 MP: 4/4
  1878 | D:3      | Reached skill level 4 in Fighting
  1931 | D:3      | Reached *** piety under Trog
  2216 | D:3      | Found an ancient bone altar of Kikubaaqudgha.
  2459 | D:4      | Reached XP level 5. HP: 27/33 MP: 5/5
  2507 | D:4      | Found a sacrificial altar of Ru.
  3286 | D:4      | Reached XP level 6. HP: 38/39 MP: 6/6
  3334 | D:4      | Found a staircase to the Ecumenical Temple.
  3432 | Temple   | Entered the Ecumenical Temple
  3453 | D:5      | Entered Level 5 of the Dungeon
  3456 | D:5      | Noticed a troll
  3472 | D:5      | Slain by a troll

Skill      XL: |  1  2  3  4 |
---------------+-------------+-----
Axes           | 3 |  3.8
Dodging        | 2 |  2.8
Armour         | 3 |  3.9
Fighting       | 4 |  4.5

Action                   |  1- 3 |  4- 6 || total
-------------------------+-------+-------++-------
Melee: Hand axe          |    96 |   242 ||   338
Invok: Berserk           |     1 |     1 ||     2
  Eat: Chunk             |     2 |     8 ||    10
Armor: Animal skin       |    39 |    26 ||    65
       Chain mail        |       |   153 ||   153
Dodge: Dodged            |   107 |   148 ||   255
